Map: Corrosion EC

Players

dino - Winner!

  • Race: Zerg Zerg
  • League: Diamond
  • Spawn Location: 11:00

HoldTheDoor

  • Race: Protoss Protoss
  • League: Diamond
  • Spawn Location: 5:00

VOD

Have the link to the VOD?

Description

Time

  • Played on: July 6, 2018, 10:25 a.m.
  • Length: 14:53
Show
View Real Time Build Order
Export as new Build Order

dino Zerg - Winner!

Build Orders: Pool First, Lurkers 

Get SALT Encoding   

  12  0:17  Spawning Pool  
  11  0:22  Drone  
  11  0:27  Drone  
  13  0:31  Drone  
  14  0:36  Extractor  
  13  0:43  Overlord  
  13  0:50  Drone  
  14  1:04  Queen  
  16  1:12  Zergling x4  
  16  1:17  Drone  
  19  1:28  Overlord  
  19  1:37  Metabolic Boost  
  19  1:42  Drone  
  20  1:49  Drone  
  21  2:00  Drone  
  20  2:33  Drone x4  
  24  2:42  Hatchery  
  23  2:49  Extractor, Zergling x2  
  23  2:56  Zergling x2  
  24  3:04  Zergling x6  
  27  3:08  Zergling x2  
  28  3:17  Overlord  
  28  3:38  Zergling x6  
  28  3:39  Zergling x2  
  32  3:41  Queen  
  34  3:50  Zergling x2  
  36  3:55  Zergling x2  
  36  4:02  Overlord x3  
  36  4:07  Lair  
  36  4:13  Overlord  
  36  4:23  Drone  
  37  4:26  Drone  
  37  4:27  Drone x2  
  37  4:30  Drone  
  36  4:51  Drone x2  
  36  4:52  Drone  
  39  4:53  Drone x3  
  39  4:59  Drone x2  
  45  5:00  Drone  
  45  5:02  Drone  
  45  5:04  Drone  
  47  5:08  Drone  
  47  5:12  Drone  
  47  5:14  Drone  
  50  5:23  Hydralisk Den  
  49  5:29  Nydus Network  
  49  5:35  Roach Warren  
  47  5:39  Evolution Chamber, Drone  
  47  5:40  Evolution Chamber, Drone  
  47  5:41  Drone  
  48  5:44  Drone  
  48  5:45  Drone  
  50  5:58  Drone x5  
  50  6:03  Extractor  
  54  6:05  Extractor  
  54  6:07  Zerg Ground Armor Level 1  
  53  6:12  Zerg Missile Weapons Level 1  
  53  6:15  Grooved Spines  
  53  6:17  Glial Reconstitution  
  53  6:21  Roach  
  53  6:22  Roach x2  
  53  6:24  Roach  
  61  6:28  Drone x3  
  64  6:33  Overlord  
  64  6:34  Overlord  
  61  6:48  Drone x2  
  61  6:49  Drone x2  
  65  7:04  Roach x2  
  65  7:05  Roach  
  71  7:12  Lurker Den  
  71  7:14  Zergling x10  
  75  7:17  Roach  
  77  7:28  Hydralisk  
  79  7:34  Hydralisk x2  
  83  7:37  Overlord x3  
  81  7:58  Hydralisk x3  
  81  7:59  Hydralisk  
  81  8:02  Roach x5  
  99  8:21  Hydralisk  
  100  8:35  Hydralisk x3  
  99  8:49  Lurker  
  99  8:50  Lurker x5  
  99  8:52  Drone x2  
  99  8:54  Overlord x3  
  99  8:55  Overlord  
  107  8:58  Zerg Missile Weapons Level 2  
  81  9:41  Hydralisk x7  
  81  9:42  Hydralisk x2  
  85  9:59  Zergling x12  
  92  10:00  Zergling x2  
  92  10:07  Roach  
  92  10:08  Roach  
  96  10:19  Overseer  
  96  10:43  Hatchery  
  95  10:50  Roach x4  
  95  10:51  Roach x3  
  95  10:53  Zerg Ground Armor Level 2  
  109  10:59  Roach x2  
  109  11:00  Roach x6  
  125  11:11  Overlord x2  
  125  11:18  Overlord x3  
  125  11:22  Muscular Augments  
  125  11:31  Hydralisk  
  125  11:32  Hydralisk  
  129  11:35  Hydralisk x2  
  123  11:55  Zergling x6  
  123  11:56  Zergling x2  
  106  12:01  Ravager  
  90  12:23  Nydus Canal  
  90  12:36  Roach x5  
  98  12:45  Hydralisk x6  
  98  12:46  Hydralisk x3  
  82  13:09  Zergling x4  
  84  13:53  Zergling x6  
  85  14:13  Hydralisk x3  
  91  14:18  Roach x4  
  91  14:19  Roach x4  
  107  14:36  Lurker x3  
  107  14:38  Lurker  
  109  14:43  Ravager  
Show
View Real Time Build Order
Export as new Build Order

HoldTheDoor Protoss 

Build Orders:  

Get SALT Encoding   

  12  0:01  Probe  
  13  0:13  Probe  
  14  0:20  Pylon  
  14  0:25  Probe  
  15  0:38  Probe  
  16  0:44  Gateway  
  16  0:49  Assimilator  
  16  0:50  Probe  
  17  1:02  Probe  
  18  1:15  Probe  
  18  1:16  Gateway  
  19  1:21  Assimilator  
  19  1:25  Zealot  
  19  1:27  Probe  
  19  1:32  Cybernetics Core  
  20  1:39  Probe  
  23  1:48  Pylon  
  23  2:03  Adept  
  23  2:04  Warp Gate  
  23  2:06  Probe  
  24  2:10  Adept  
  28  2:18  Probe  
  26  2:30  Probe  
  27  2:37  Sentry  
  27  2:42  Probe  
  30  2:50  Pylon  
  30  2:54  Probe  
  30  2:55  Twilight Council  
  31  3:08  Probe  
  32  3:16  Nexus  
  32  3:20  Probe  
  32  3:23  Sentry  
  35  3:32  Probe  
  36  3:39  Resonating Glaives  
  36  3:40  Pylon  
  36  3:44  Probe  
  37  3:55  Robotics Facility  
  37  3:56  Probe  
  37  3:58  Pylon  
  38  4:08  Probe  
  39  4:11  Sentry  
  39  4:16  Adept  
  43  4:20  Probe  
  44  4:29  Probe  
  45  4:43  Warp Prism  
  47  4:47  Adept x2  
  47  4:51  Probe  
  47  4:52  Probe  
  53  4:57  Pylon  
  53  5:05  Gateway  
  53  5:07  Gateway  
  53  5:09  Gateway  
  53  5:14  Pylon  
  53  5:19  Immortal, Adept  
  59  5:35  Adept  
  61  5:37  Probe x2  
  63  5:42  Gateway  
  63  5:44  Gateway  
  63  5:46  Gateway  
  63  5:49  Probe, Pylon  
  64  5:59  Immortal  
  68  6:12  Adept x2  
  68  6:15  Adept  
  68  6:17  Pylon x2  
  68  6:18  Adept  
  76  6:21  Adept  
  78  6:59  Pylon  
  78  7:00  Pylon x2  
  78  7:09  Adept x5  
  78  7:13  Adept x3  
  94  7:38  Adept x5  
  94  7:39  Adept x3  
  94  8:49  Adept x3  
  94  8:50  Adept x5  
  110  8:59  Pylon  
  110  9:00  Pylon  
  110  9:02  Pylon  
  110  9:08  Assimilator  
  110  9:11  Pylon  
  110  9:12  Sentry x3  
  110  9:13  Pylon  
  110  9:16  Pylon  
  116  9:27  Immortal  
  66  9:55  Zealot x2  
  66  9:56  Zealot x5  
  80  10:07  Cybernetics Core  
  80  10:08  Charge  
  84  10:17  Observer  
  84  10:18  Zealot x4  
  84  10:19  Zealot x3  
  95  10:36  Pylon  
  95  10:37  Gateway  
  95  10:39  Gateway  
  95  10:40  Immortal  
  95  10:42  Gateway  
  99  10:43  Gateway  
  99  10:48  Zealot x5  
  99  10:49  Zealot x2  
  105  11:08  Zealot x3  
  105  11:09  Zealot x4  
  119  11:23  Probe  
  119  11:24  Probe  
  121  11:31  Assimilator  
  121  11:32  Adept x2  
  125  11:33  Adept  
  125  11:34  Adept  
  125  11:36  Probe  
  78  12:07  Adept x3  
  78  12:08  Adept x4  
  74  12:23  Immortal  
  74  12:28  Zealot x4  
  86  12:30  Sentry  
  88  12:41  Zealot x2  
  66  13:03  Zealot  
  66  13:04  Zealot  
  47  13:33  Nexus  
  44  13:47  Zealot x2  
  47  14:00  Pylon  
  43  14:23  Sentry  
Tags
 
Composition
Lurkers
Matchup
PvZ
Opening
Pool First
Spawn Locations
Cross Positions
Add a new tag
Caveats
  • Supply blocks, unpowered buildings, or Contaminate may cause inaccurate times.
  • Supply counts are checked every 10 seconds.